 Dungeon Crawl Stone Soup version 0.31-a0-609-g7bf6ffcfed (webtiles) character file.

Game seed: 16154335079389496560

249341 freelancePsychic the Warrior (level 20, 0/157 HPs)
             Began as a Djinni Shapeshifter on Aug 21, 2023.
             Was the Champion of Cheibriados.
             Killed from afar by a deep elf elementalist (14 damage)
             ... with a blast of rock fragments
             ... on level 1 of the Elven Halls.
             The game lasted 00:51:34 (30639 turns).

freelancePsychic the Warrior (Djinni Shapeshifter) Turns: 30639, Time: 00:51:35

Health: 0/157      AC: 17    Str: 33    XL:     20   Next: 38%
Gold:   2227       EV: 36    Int: 32    God:    Cheibriados [******] SH:  0 Dex: 33

rFire   + + .        b - staff of cold
rCold   . . .        (no shield)
rNeg    . . .        e - +3 troll leather armour
rPois   ∞            k - +2 helmet {SInv}
rElec   .            c - +2 cloak {Will+}
rCorr   .            z - +0 pair of gloves
SInv    +            (boots unavailable)
Will    +++..        (no amulet)
Stlth   ++           j - +4 ring of protection
HPRegen 1.26/turn    Z - ring of Qiuxaux {Contam EV+5 Str+4 Dex+2}
MPRegen 0.00/turn

%: infuse magic (-1 HP)
@: flying, studying Fire Magic, very slow
A: sickness immunity, fire resistance 2, cold vulnerability 1, float, innate
caster, HP casting, extra vitality 1
}: 2/15 runes: serpentine, barnacled
a: Renounce Religion, Bend Time, Temporal Distortion, Slouch, Step From Time


You were on level 1 of the Elven Halls.
You worshipped Cheibriados.
Cheibriados was exalted by your worship.
You visited 7 branches of the dungeon, and saw 32 of its levels.
You visited the Abyss 1 time.
You also visited: Sewer, Ossuary and Volcano.

You collected 3158 gold pieces.
You spent 931 gold pieces at shops.

Inventory:

Hand Weapons
 a - a +8 heavy lajatang
Missiles
 m - a curare-tipped dart
 u - 8 throwing nets
Armour
 c - a +2 cloak of willpower (worn)
 e - a +3 troll leather armour (worn)
 k - a +2 helmet of see invisible (worn)
 z - a +0 pair of gloves (worn)
 M - a +1 kite shield of protection
Magical Staves
 b - a staff of cold (weapon)
Jewellery
 j - a +4 ring of protection (left hand)
 w - a +5 ring of evasion
 x - a ring of ice
 A - a +4 ring of protection
 B - a ring of ice
 S - a ring of protection from fire
 T - the amulet "Kuarin" {Faith rC+}
   (You found it on level 1 of the Snake Pit)

   [amulet of faith]

   Faith:     It allows you to gain divine favour quickly.
   rC+:       It protects you from cold.
 U - a ring of protection from fire
 V - a ring of positive energy
 Y - a +4 ring of protection
 Z - the ring of Qiuxaux (right hand) {Contam EV+5 Str+4 Dex+2}
   (You found it on level 4 of the Shoals)

   [ring of evasion]

   EV+5:      It affects your evasion (+5).
   Str+4:     It affects your strength (+4).
   Dex+2:     It affects your dexterity (+2).
   Contam:    It causes magical contamination when unequipped.
Wands
 i - a wand of flame (41)
 D - a wand of charming (15)
 F - a wand of quicksilver (8)
 R - a wand of iceblast (13)
Scrolls
 l - 4 scrolls of poison
 o - 13 scrolls of teleportation {@r4}
 q - 5 scrolls of immolation
 r - 5 scrolls of blinking
 t - a scroll of revelation
 C - 5 scrolls of fog
 J - 14 scrolls of identify {@r1}
 N - 4 scrolls of fear
 Q - 3 scrolls of vulnerability
 W - a scroll of enchant armour
 X - a scroll of silence
Potions
 d - 3 potions of heal wounds {@q2}
 f - 2 potions of cancellation
 g - 16 potions of curing {@q1}
 h - 11 potions of mutation
 n - 8 potions of brilliance
 p - 3 potions of might {unknown}
 s - 5 potions of lignification
 v - 3 potions of berserk rage {unknown}
 y - 3 potions of magic {unknown}
 E - 2 potions of ambrosia
 H - a potion of enlightenment
 I - 2 potions of attraction
 K - a potion of experience {unknown}
 L - 6 potions of invisibility
 O - a potion of resistance {unknown}
 P - 2 potions of haste {unknown}
Miscellaneous
 G - a sack of spiders


   Skills:
 + Level 18.3 Fighting
 - Level 14.0 Staves
 + Level 15.9 Dodging
 - Level 3.0 Unarmed Combat
 + Level 14.5 Spellcasting
 + Level 14.5 Conjurations
 + Level 14.5 Hexes
 + Level 14.5 Summonings
 + Level 14.5 Necromancy
 + Level 14.5 Translocations
 + Level 14.5 Transmutations
 + Level 17.8 Fire Magic
 + Level 14.5 Ice Magic
 + Level 14.5 Air Magic
 + Level 14.5 Earth Magic
 + Level 14.5 Poison Magic
 + Level 11.4 Invocations
 - Level 2.6 Shapeshifting


You knew the following spells:

 Your Spells              Type           Power      Damage    Failure   Level
a - Freeze                Ice            100%       1d10      0%          1
b - Lesser Beckoning      Tloc           100%       N/A       0%          2
c - Eringya's Noxious Bo  Tmut/Pois      43%        4d6       1%          6
d - Enfeeble              Hex            43%        N/A       4%          7
e - Ozocubu's Refrigerat  Ice            54%        4d19      4%          7
f - Portal Projectile     Hex/Tloc       100%       N/A       0%          3
g - Confusing Touch       Hex            86%        N/A       0%          3
h - Irradiate             Conj/Tmut      43%        3d26      1%          5
i - Manifold Assault      Tloc           86%        N/A       1%          4
Your spell library was empty.

Dungeon Overview and Level Annotations

Branches:
Dungeon (15/15)            Temple (1/1) D:7            Lair (5/5) D:9
 Shoals (4/4) Lair:3        Snake (4/4) Lair:3        Slime (0/5) Lair:5
    Orc (2/2) D:11            Elf (1/3) Orc:2        Vaults (0/5) D:14
 Depths (0/4) D:15          Sewer (visited)         Ossuary (visited)
Volcano (visited)

Altars:
Ashenzari
Cheibriados
Dithmenos
Elyvilon
Fedhas
Gozag
Hepliaklqana
Makhleb
Nemelex Xobeh
Okawaru
Qazlal
Ru
Trog
Uskayaw
Wu Jian
Xom
Yredelemnul
Zin
The Shining One
Jiyva

Shops:
D:3 (   D:5 =   D:12 ?   Orc:1 *   Orc:2 ??(*:   Snake:4 [

Annotations:
D:4 1 runed translucent door, innerfire43's ghost, novice GnSh
D:5 1 exclusion, Sigmund
D:7 2 transporters, Menkaure
Shoals:1 1 runed translucent door, Onluw's ghost, adept DsWn
Shoals:3 Mlioglotl


Innate Abilities, Weirdness & Mutations

You are immune to sickness and miasma.
You are immune to poison.
Your flesh is very heat resistant. (rF++)
You are vulnerable to cold. (rC-)
You float through the air rather than walking.
You learn spells naturally, not from books.
Your magical power is your life essence.
You have superior vitality. (+4 MHP)


Message History

Casting: Manifold Assault (safe; 1% risk of failure)
Confirm with . or Enter, or press ? or * to list all spells.
Space momentarily warps into an impossible shape!
You slice the deep elf elementalist!!
Casting: Manifold Assault (safe; 1% risk of failure)
Confirm with . or Enter, or press ? or * to list all spells.
Space momentarily warps into an impossible shape!
You closely miss the deep elf elementalist.
The deep elf elementalist points next to you and mumbles some strange words.
The wall shatters!
The blast of rock fragments hits you!
Casting: Manifold Assault (safe; 1% risk of failure)
Confirm with . or Enter, or press ? or * to list all spells.
Space momentarily warps into an impossible shape!
You slice the deep elf elementalist!!
The deep elf elementalist gestures at you while chanting.
The freezing blast misses you.
Casting: Manifold Assault (safe; 1% risk of failure)
Confirm with . or Enter, or press ? or * to list all spells.
Space momentarily warps into an impossible shape!
You hit the deep elf elementalist.
You are engulfed in freezing vapours.
Casting: Manifold Assault (safe; 1% risk of failure)
Confirm with . or Enter, or press ? or * to list all spells.
You can't see anything to attack.
b - a staff of cold (weapon)
You are engulfed in freezing vapours.
You are engulfed in freezing vapours.
* * * LOW HITPOINT WARNING * * *
You are engulfed in freezing vapours.
* * * LOW HITPOINT WARNING * * *
The deep elf elementalist mumbles some strange words.
The deep elf elementalist seems to speed up.
You feel much better.
You are engulfed in freezing vapours.
You are engulfed in freezing vapours.
* * * LOW HITPOINT WARNING * * *
The deep elf elementalist points next to you and mumbles some strange words.
The wall shatters!
The blast of rock fragments hits you!!
* * * LOW HITPOINT WARNING * * *
The deep elf elementalist gestures next to you while chanting.
The wall shatters!
The blast of rock fragments hits you!
You die...

## ##+## ...
####...#### ....
#.........## .....
...........##
#######......
............##
#...e........
.###...###...#
#@######..... .#
#...# #...# #.#
...
)###...###...###.#
#
..............##.#
.)...<.....)..').#
..............####
.###...###...## .#
#...# #...#
.###...###...#


You could see a deep elf elementalist (fast, repels missiles).

Vanquished Creatures
  Jorgrun (Snake:3)
  A tentacled monstrosity (Abyss:2)
  A tentacled starspawn (Abyss:2)
  Ilsuiw (Shoals:3)
  Aizul (Snake:3)
  14 nagarajas (Snake:4)
  A daeva (Abyss:2)
  A fire giant (D:15)
  An angel (Shoals:4)
  An orc warlord (Orc:2)
  Snorg (D:11)
  A blizzard demon (Abyss:2)
  3 merfolk javelineers
  An entropy weaver (shapeshifter) (D:15)
  16 merfolk impalers
  6 salamander tyrants
  Fannar (D:11)
  11 hydras
  Harold (Lair:2)
  A spriggan skeleton (Abyss:2)
  6 two-headed ogres
  6 boulder beetles
  6 centaur warriors
  3 dancing weapons
  2 merfolk avatars
  14 anacondas
  3 satyrs (Shoals:3)
  5 merfolk aquamancers
  Urug (D:11)
  19 naga warriors
  6 orc high priests (Orc:2)
  A holy swine (Shoals:4)
  3 thrashing horrors (Abyss:2)
  15 naga sharpshooters
  11 shock serpents
  Nergalle (D:12)
  4 skeletal warriors (D:15)
  4 skysharks
  3 salamander mystics
  2 cherubim (Shoals:4)
  13 sea snakes
  A flayed ghost (Abyss:2)
  7 naga ritualists
  An orange crystal statue (Snake:1)
  A lindwurm (Lair:5)
  2 wizards
  11 harpies
  7 orc knights
  2 deep elf zephyrmancers (Elf:1)
  3 deep elf pyromancers
  4 ugly things
  9 manticores
  10 mana vipers
  15 fauns
  13 cyclopes
  14 salamanders
  44 black mambas
  7 merfolk sirens
  A worldbinder (Abyss:2)
  10 elephants
  15 naga magi
  A water nymph (shapeshifter) (D:15)
  9 guardian serpents
  4 water nymphs
  2 gargoyles
  2 smoke demons (Abyss:2)
  15 cane toads
  Maggie (D:9)
  6 rime drakes
  4 yaktaurs (D:15)
  11 komodo dragons
  2 efreet
  Psyche (D:12)
  A tengu conjurer (D:15)
  5 trolls
  10 wind drakes
  6 hornets
  5 large abominations
  Grinder (D:3)
  4 polar bears
  25 merfolk
  11 snapping turtles
  A raiju (Abyss:2)
  9 dream sheep
  4 blink frogs
  14 spriggans (Lair:5)
  A shadow (Abyss:2)
  2 centaur simulacra
  13 water elementals
  14 slime creatures
  2 ynoxinuls (Abyss:2)
  11 wyverns
  39 yaks
  3 wraiths
  A fire elemental (Orc:2)
  2 vampires (D:13)
  3 fire bats (Volcano)
  3 steam dragons (Shoals:2)
  A neqoxec (Abyss:2)
  3 vampire mosquitoes (D:14)
  14 basilisks
  3 wargs
  A naga (shapeshifter) (D:13)
  41 nagas
  A hell hound (Volcano)
  14 water moccasins
  3 small abominations (Abyss:2)
  34 orc warriors
  2 sky beasts
  8 black bears
  4 boggarts (Lair:5)
  An ice beast (D:5)
  4 ogres
  35 wolves
  A phantom (D:6)
  13 centaurs
  3 kobold brigands
  17 bullfrogs
  2 scorpions
  4 wights (D:10)
  7 killer bees
  5 electric eels
  6 hounds
  33 orc priests
  A quasit (Abyss:2)
  A gnoll bouda (D:8)
  13 jellies
  3 iguanas
  Ijyb (D:5)
  Natasha (thrice) (D:3)
  15 orc wizards
  6 hell rats (Lair:5)
  4 mummies
  4 adders
  14 gnolls
  A river rat (D:4)
  A shadow imp (D:8)
  4 white imps
  5 adder zombies (Ossuary)
  2 worms
  3 dart slugs
  91 orcs
  6 bats
  12 endoplasms
  8 giant cockroaches
  A gnoll zombie (Ossuary)
  9 goblins
  7 hobgoblins
  4 jackals (D:4)
  3 quokkas
  13 ball pythons
  5 frilled lizards
  2 goblin zombies (Ossuary)
  4 hobgoblin zombies
  22 kobolds
  3 kobold zombies
  2 quokka zombies (Ossuary)
  14 rats
  3 rat zombies (Ossuary)
1168 creatures vanquished.

Vanquished Creatures (others)
  A wizard (D:3)
1 creature vanquished.

Grand Total: 1169 creatures vanquished

Notes
Turn   | Place    | Note
-------+----------+-------------------------------------------
     0 | D:1      | freelancePsychic the Djinni Shapeshifter began the quest
                  | for the Orb.
     0 | D:1      | Reached XP level 1. HP: 17/17 MP: 0/0
    57 | D:1      | Reached XP level 2. HP: 22/22 MP: 0/0
   237 | D:1      | Reached skill level 1 in Spellcasting
   237 | D:1      | Reached skill level 1 in Conjurations
   237 | D:1      | Reached skill level 1 in Hexes
   237 | D:1      | Reached skill level 1 in Summonings
   237 | D:1      | Reached skill level 1 in Necromancy
   237 | D:1      | Reached skill level 1 in Translocations
   237 | D:1      | Reached skill level 1 in Transmutations
   237 | D:1      | Reached skill level 1 in Fire Magic
   237 | D:1      | Reached skill level 1 in Ice Magic
   237 | D:1      | Reached skill level 1 in Air Magic
   237 | D:1      | Reached skill level 1 in Earth Magic
   237 | D:1      | Reached skill level 1 in Poison Magic
   458 | D:1      | Reached XP level 3. HP: 26/28 MP: 0/0
   458 | D:1      | Learned a level 1 spell: Freeze
   525 | D:1      | Reached skill level 2 in Fighting
   814 | D:2      | Found a sparkling altar of Nemelex Xobeh.
   893 | D:2      | Identified the +2 leather armour of Somewhere Else {rC-
                  | Regen+ rCorr Dex+5}
   995 | D:2      | Reached XP level 4. HP: 17/33 MP: 0/0
  1301 | D:3      | Found Vippin's Antique Weapon Emporium.
  1384 | D:3      | Found a bloodstained altar of Trog.
  1385 | D:3      | Noticed a wizard
  1391 | D:3      | Killed a wizard
  1482 | D:3      | Reached XP level 5. HP: 39/39 MP: 0/0
  1482 | D:3      | Learned a level 2 spell: Lesser Beckoning
  1678 | D:3      | Noticed Grinder
  1685 | D:3      | Noticed Natasha
  1716 | D:3      | Killed Natasha
  1775 | D:3      | Killed Grinder
  1776 | D:3      | Reached skill level 3 in Fighting
  1776 | D:3      | Reached XP level 6. HP: 41/46 MP: 0/0
  1793 | D:3      | Noticed Natasha
  1806 | D:3      | Killed Natasha
  1807 | D:3      | Reached XP level 7. HP: 37/50 MP: 0/0
  1807 | D:3      | Learned a level 3 spell: Portal Projectile
  1882 | D:3      | Noticed Natasha
  1891 | D:3      | Killed Natasha
  2031 | D:4      | Reached skill level 4 in Fighting
  2110 | D:4      | Found a glowing drain.
  2137 | Sewer    | Entered a sewer
  2265 | Sewer    | Reached XP level 8. HP: 58/58 MP: 0/0
  2592 | D:4      | Noticed innerfire43's ghost (novice GnSh)
  2594 | D:4      | Found a runed translucent door.
  2697 | D:4      | Found a snail-covered altar of Cheibriados.
  2827 | D:5      | Entered Level 5 of the Dungeon
  2890 | D:5      | Reached skill level 5 in Dodging
  2907 | D:5      | Found Nauzeze's Jewellery Shop.
  3066 | D:5      | Found a sand-covered staircase.
  3080 | D:5      | Reached skill level 5 in Fighting
  3083 | Ossuary  | Entered an ossuary
  3125 | Ossuary  | Reached skill level 5 in Spellcasting
  3125 | Ossuary  | Reached skill level 5 in Conjurations
  3125 | Ossuary  | Reached skill level 5 in Hexes
  3125 | Ossuary  | Reached skill level 5 in Summonings
  3125 | Ossuary  | Reached skill level 5 in Necromancy
  3125 | Ossuary  | Reached skill level 5 in Translocations
  3125 | Ossuary  | Reached skill level 5 in Transmutations
  3125 | Ossuary  | Reached skill level 5 in Fire Magic
  3125 | Ossuary  | Reached skill level 5 in Ice Magic
  3125 | Ossuary  | Reached skill level 5 in Air Magic
  3125 | Ossuary  | Reached skill level 5 in Earth Magic
  3125 | Ossuary  | Reached skill level 5 in Poison Magic
  3664 | D:5      | Noticed Ijyb
  3731 | D:5      | Killed Ijyb
  3922 | D:5      | Noticed Sigmund
  4279 | D:5      | Reached XP level 9. HP: 65/65 MP: 0/0
  4279 | D:5      | Learned a level 3 spell: Confusing Touch
  4773 | D:7      | Reached skill level 6 in Fighting
  4981 | D:7      | Found a staircase to the Ecumenical Temple.
  5006 | D:7      | Noticed a cyclops
  5030 | D:7      | Killed a cyclops
  5073 | Temple   | Entered the Ecumenical Temple
  5173 | D:4      | Became a worshipper of Cheibriados the Contemplative
  5333 | D:7      | Found a hazy altar of Hepliaklqana.
  5333 | D:7      | Found a sacrificial altar of Ru.
  5333 | D:7      | Found an ornate altar of the Wu Jian Council.
  5338 | D:7      | Noticed a hornet
  5340 | D:7      | Found a transporter.
  5341 | D:7      | Noticed a two-headed ogre
  5358 | D:7      | Found a transporter.
  5472 | D:7      | Found a burning altar of Makhleb.
  5473 | D:7      | Noticed Menkaure
  5784 | D:8      | Reached XP level 10. HP: 66/73 MP: 0/0
  5945 | D:8      | Reached * piety under Cheibriados
  6245 | D:8      | Found a stormy altar of Qazlal.
  6586 | D:9      | Noticed a boulder beetle
  6599 | D:9      | Killed a boulder beetle
  6600 | D:9      | Reached skill level 7 in Fighting
  7297 | D:9      | Found a staircase to the Lair.
  7331 | D:9      | Noticed Maggie
  7343 | D:9      | Killed Maggie
  7511 | D:9      | Reached ** piety under Cheibriados
  7521 | D:9      | Reached skill level 5 in Staves
  7763 | D:10     | Entered Level 10 of the Dungeon
  7889 | D:10     | Reached XP level 11. HP: 72/81 MP: 0/0
  7889 | D:10     | Learned a level 4 spell: Manifold Assault
  7963 | D:10     | Reached skill level 8 in Fighting
  8145 | D:10     | Noticed a two-headed ogre
  8151 | D:10     | Killed a two-headed ogre
  8621 | D:11     | Noticed Fannar
  8632 | D:11     | Killed Fannar
  8791 | D:11     | Noticed a boulder beetle
  8802 | D:11     | Killed a boulder beetle
  8853 | D:11     | Noticed a two-headed ogre
  8857 | D:11     | Killed a two-headed ogre
  9113 | D:11     | Reached *** piety under Cheibriados
  9123 | D:11     | Reached skill level 9 in Fighting
  9212 | D:11     | Found a staircase to the Orcish Mines.
  9386 | D:11     | Noticed Urug
  9513 | D:11     | Noticed Snorg
  9522 | D:11     | Killed Snorg
  9875 | D:11     | Reached **** piety under Cheibriados
  9912 | D:11     | Killed Urug
  9913 | D:11     | Reached XP level 12. HP: 47/89 MP: 0/0
 10115 | D:12     | Noticed a two-headed ogre
 10120 | D:12     | Killed a two-headed ogre
 10275 | D:12     | Noticed Nergalle
 10374 | Lair:1   | Entered Level 1 of the Lair of Beasts
 10695 | Lair:1   | Reached skill level 10 in Fighting
 10859 | Lair:1   | Reached ***** piety under Cheibriados
 11170 | Lair:2   | Reached skill level 10 in Staves
 11745 | Lair:2   | Noticed Harold
 11749 | Lair:2   | Killed Harold
 11750 | Lair:2   | Reached XP level 13. HP: 85/97 MP: 0/0
 11750 | Lair:2   | Learned a level 5 spell: Irradiate
 12238 | Lair:3   | Found a staircase to the Shoals.
 12244 | Lair:3   | Noticed a five-headed hydra
 12249 | Lair:3   | Killed a ten-headed hydra
 12250 | Lair:3   | Reached skill level 11 in Fighting
 12538 | Lair:3   | Found a staircase to the Snake Pit.
 12627 | Lair:3   | Noticed a six-headed hydra
 12643 | Lair:3   | Killed an 11-headed hydra
 12808 | Lair:4   | Identified a scroll of acquirement
 12809 | Lair:4   | Acquired a manual of Fire Magic
 12958 | Lair:4   | Reached ****** piety under Cheibriados
 13056 | Lair:4   | Reached skill level 10 in Fire Magic
 13180 | Lair:4   | Identified the +4 halberd of Icath {freeze, Contam rPois
                  | Will+++ rCorr Int+3}
 13295 | Lair:4   | Reached skill level 10 in Spellcasting
 13295 | Lair:4   | Reached skill level 10 in Conjurations
 13295 | Lair:4   | Reached skill level 10 in Hexes
 13295 | Lair:4   | Reached skill level 10 in Summonings
 13295 | Lair:4   | Reached skill level 10 in Necromancy
 13295 | Lair:4   | Reached skill level 10 in Translocations
 13295 | Lair:4   | Reached skill level 10 in Transmutations
 13295 | Lair:4   | Reached skill level 10 in Ice Magic
 13295 | Lair:4   | Reached skill level 10 in Air Magic
 13295 | Lair:4   | Reached skill level 10 in Earth Magic
 13295 | Lair:4   | Reached skill level 10 in Poison Magic
 13353 | Lair:4   | Noticed a five-headed hydra
 13358 | Lair:4   | Killed a ten-headed hydra
 13359 | Lair:4   | Reached XP level 14. HP: 90/106 MP: 0/0
 13880 | Lair:5   | Entered Level 5 of the Lair of Beasts
 14030 | Lair:5   | Reached skill level 12 in Fighting
 15021 | Lair:5   | Found a viscous altar of Jiyva.
 15022 | Lair:5   | Found a staircase to the Slime Pits.
 15221 | Lair:5   | Reached XP level 15. HP: 52/113 MP: 0/0
 15221 | Lair:5   | Learned a level 6 spell: Eringya's Noxious Bog
 15485 | Lair:5   | Reached skill level 13 in Fighting
 15776 | Orc:1    | Entered Level 1 of the Orcish Mines
 16037 | Orc:1    | Found Neeretysch's General Store.
 16076 | Orc:1    | Bought a potion of curing for 42 gold pieces
 16085 | Orc:2    | Entered Level 2 of the Orcish Mines
 16178 | Orc:2    | Found a dark tunnel.
 16183 | Volcano  | Entered a volcano
 16634 | Orc:2    | Found Zeplitos's Magic Scroll Shop.
 16649 | Orc:2    | Noticed an orc warlord
 16660 | Orc:2    | Killed an orc warlord
 16694 | Orc:2    | Bought a scroll of teleportation for 36 gold pieces
 16694 | Orc:2    | Bought a scroll of blinking for 90 gold pieces
 16694 | Orc:2    | Bought a scroll of teleportation for 36 gold pieces
 16694 | Orc:2    | Bought a scroll of blinking for 90 gold pieces
 16694 | Orc:2    | Bought a scroll of immolation for 48 gold pieces
 16991 | Orc:2    | Found a staircase to the Elven Halls.
 17564 | Orc:2    | Reached skill level 14 in Fighting
 17632 | Orc:2    | Found Leeler's Antique Weapon Emporium.
 17635 | Orc:2    | Found Laoxotah's Assorted Antiques.
 17636 | Orc:2    | Found Lorif's Magic Scroll Emporium.
 17637 | Orc:2    | Found Fiutij's Book Emporium.
 17648 | Orc:2    | Bought a scroll of teleportation for 42 gold pieces
 17648 | Orc:2    | Bought a scroll of enchant weapon for 105 gold pieces
 17648 | Orc:2    | Bought a scroll of blinking for 105 gold pieces
 17648 | Orc:2    | Bought a scroll of immolation for 56 gold pieces
 17648 | Orc:2    | Bought a scroll of poison for 56 gold pieces
 17649 | Orc:2    | Bought a scroll of teleportation for 96 gold pieces
 17649 | Orc:2    | Bought a scroll labelled CUWOAQ NOAJIZAQ for 32 gold pieces
 17979 | D:12     | Noticed Psyche
 17984 | D:12     | Killed Psyche
 18037 | D:12     | Found Vishrauk's Magic Scroll Emporium.
 18041 | D:12     | Killed Nergalle
 18059 | D:12     | Bought a scroll of enchant armour for 97 gold pieces
 19490 | D:14     | Reached XP level 16. HP: 79/124 MP: 0/0
 19569 | D:14     | Found a gate to the Vaults.
 19603 | D:14     | Reached skill level 10 in Dodging
 20723 | D:15     | Entered Level 15 of the Dungeon
 20793 | D:15     | Reached skill level 1 in Invocations
 20988 | D:15     | Reached skill level 15 in Fighting
 21170 | D:15     | Found a staircase to the Depths.
 21170 | D:15     | Noticed a fire giant
 21177 | D:15     | Killed a fire giant
 21937 | Snake:1  | Entered Level 1 of the Snake Pit
 22173 | Snake:1  | Found a transporter.
 22534 | Snake:1  | Found a transporter.
 22551 | Snake:1  | Reached XP level 17. HP: 108/131 MP: 0/0
 22551 | Snake:1  | Learned a level 7 spell: Ozocubu's Refrigeration
 22608 | Snake:1  | Identified the amulet "Kuarin" {Faith rC+}
 22801 | Snake:1  | Reached skill level 5 in Invocations
 23474 | Snake:2  | Reached skill level 15 in Fire Magic
 23771 | Snake:2  | Found a snail-covered altar of Cheibriados.
 23787 | Snake:2  | Reached skill level 16 in Fighting
 24289 | Snake:3  | Noticed Aizul
 24296 | Snake:3  | Killed Aizul
 24456 | Snake:3  | Reached XP level 18. HP: 135/140 MP: 0/0
 24662 | Snake:3  | Found a runed translucent gate.
 24662 | Snake:3  | Found a runed translucent gate.
 24662 | Snake:3  | Found a runed translucent gate.
 24672 | Snake:3  | Noticed Jorgrun
 24675 | Snake:3  | Killed Jorgrun
 24995 | Snake:4  | Entered Level 4 of the Snake Pit
 25435 | Snake:4  | Got a serpentine rune of Zot
 25800 | Snake:4  | Reached skill level 17 in Fighting
 26163 | Snake:4  | Reached XP level 19. HP: 87/148 MP: 0/0
 26163 | Snake:4  | Learned a level 7 spell: Enfeeble
 26365 | Snake:4  | Found Agrugabb's Armour Boutique.
 26680 | Shoals:1 | Entered Level 1 of the Shoals
 26749 | Abyss:2  | Cast into level 2 of the Abyss (merfolk aquamancer)
 27142 | Abyss:2  | Found a corrupted altar of Lugonu.
 27286 | Abyss:2  | Noticed a tentacled monstrosity
 27292 | Abyss:2  | Killed a tentacled monstrosity
 27306 | Shoals:1 | Escaped the Abyss
 27592 | Shoals:1 | Found a runed translucent door.
 27597 | Shoals:1 | Noticed Onluw's ghost (adept DsWn)
 27997 | Shoals:2 | Reached skill level 10 in Invocations
 28458 | Shoals:2 | Reached skill level 15 in Dodging
 28714 | Shoals:3 | Noticed Mlioglotl
 28891 | Shoals:3 | Noticed Ilsuiw
 28901 | Shoals:3 | Killed Ilsuiw
 29546 | Shoals:4 | Entered Level 4 of the Shoals
 29681 | Shoals:4 | Found a glowing silver altar of Zin.
 29686 | Shoals:4 | Reached skill level 18 in Fighting
 29686 | Shoals:4 | Reached XP level 20. HP: 126/157 MP: 0/0
 29765 | Shoals:4 | Identified the +3 ring mail "Weopub" {rPois Regen+ Str-4
                  | Dex-5}
 29858 | Shoals:4 | Found a glowing golden altar of the Shining One.
 30259 | Shoals:4 | Got a barnacled rune of Zot
 30261 | Shoals:4 | Identified the ring of Qiuxaux {Contam EV+5 Str+4 Dex+2}
 30570 | Elf:1    | Entered Level 1 of the Elven Halls
 30639 | Elf:1    | Killed from afar by a deep elf elementalist

Illustrated notes

Levels and vault maps discovered:
D:1:      kennysheep_arrival_forest, layout_loops_cross, st_stairs_12,
          serial_bayou_pond_d
D:2:      layout_rooms, basic_altar, minmay_tripent
D:3:      layout_rooms, trog_wizard, serial_shops, shop, solitary_fountain,
          uniq_grinder, uniq_natasha
D:4:      layout_rooms, mainiacjoe_overflow_alcove_1,
          hellmonk_ghost_happy_afterlife, gup_sewer_entry_bowl
D:5:      layout_cave_pods, serial_shops, shop, nicolae_ossuary_entry_giza,
          uniq_ijyb, uniq_sigmund
D:6:      layout_rooms
D:7:      minmay_octagon_keep, layout_loops_ring, makhleb_heckhound_becter,
          gammafunk_temple_overflow_arena, minmay_temple_entry_junction,
          uniq_menkaure
D:8:      layout_cave_pods, mainiacjoe_overflow_alcove_4
D:9:      layout_basic, dpeg_oklobed_lair, uniq_maggie
D:10:     layout_stronghold, kennysheep_mini, nicolae_elevator_lobby_plus
D:11:     layout_loops_corners, hiddenorc2_lemuel, uniq_urug, uniq_fannar,
          uniq_snorg
D:12:     layout_roguey, serial_shops, shop_scrolls, serial_bayou_crossing,
          uniq_psyche, uniq_nergalle
D:13:     layout_basic
D:14:     layout_basic, erik_vaults_1
D:15:     grunt_enter_depths_giant_problem, layout_loops_ring, hex_medium
Temple:   dpeg_chambers_temple
Lair:1:   layout_hall_layers, infiniplex_staircase_pool
Lair:2:   layout_loops_ring, uniq_harold
Lair:3:   layout_loops_ring, elwin_shoals_entry_rocks,
          guppyfry_snake_entry_island, serial_bayou_lagoon_a,
          grunt_megastairs_2, infiniplex_staircase_pool_2
Lair:4:   cheibrodos_lair_overgrown_chateau, layout_big_grid
Lair:5:   minmay_lair_end_enchanted_forest, layout_loops_ring,
          minmay_slime_entry_jelly_boxes, special_room
          [special_room_mythical_zoo], nzn_sisyphean_effort,
          serial_bayou_shore_a
Shoals:1: layout_shoals, ebering_ghost_inner_flame
Shoals:2: cheibrodos_shoals_roost, layout_shoals, nicolae_shoals_drake_roost
Shoals:3: layout_shoals, uniq_ilsuiw, uniq_mlioglotl
Shoals:4: shoals_end_hellmonk_holy_island
Snake:1:  gammafunk_sealed_arena, layout_onion, drop_trap,
          nrook_guardian_serpent_ordinary, nicolae_integral_box
Snake:2:  layout_misc_corridors, basic_altar
Snake:3:  layout_onion_interference, nicolae_snake_horde_hoard, uniq_aizul,
          uniq_jorgrun
Snake:4:  grunt_snake_rune_spirals, layout_onion_interference,
          minmay_shop_grid_forest, guppyfry_library_mini
Orc:1:    layout_diamond_mine, basic_altar, serial_shops,
          nicolae_shop_real_fake_doors
Orc:2:    st_orc_pillars, layout_diamond_mine, serial_shops, shop, basic_altar,
          enter_volcano_4, nicolae_orc_lava_tube, statue_in_the_mist_lemuel
Elf:1:    minmay_elf_arrival_circle, layout_geoelf_diagonals, evilmike_minifort,
          uniq_zenata

Skill      XL: |  1  2  3  4  5  6  7  8  9 10 11 12 13 14 15 16 17 18 19 20 |
---------------+-------------------------------------------------------------+-----
Spellcasting   | 1 2 3 4 5 6 7 8 9 10 11 12 13 14 | 14.5
Conjurations   | 1 2 3 4 5 6 7 8 9 10 11 12 13 14 | 14.5
Hexes          | 1 2 3 4 5 6 7 8 9 10 11 12 13 14 | 14.5
Summonings     | 1 2 3 4 5 6 7 8 9 10 11 12 13 14 | 14.5
Necromancy     | 1 2 3 4 5 6 7 8 9 10 11 12 13 14 | 14.5
Translocations | 1 2 3 4 5 6 7 8 9 10 11 12 13 14 | 14.5
Transmutations | 1 2 3 4 5 6 7 8 9 10 11 12 13 14 | 14.5
Fire Magic     | 1 2 3 4 5 6 7 8 9 10 11 13 14 15 16 17 | 17.8
Ice Magic      | 1 2 3 4 5 6 7 8 9 10 11 12 13 14 | 14.5
Air Magic      | 1 2 3 4 5 6 7 8 9 10 11 12 13 14 | 14.5
Earth Magic    | 1 2 3 4 5 6 7 8 9 10 11 12 13 14 | 14.5
Poison Magic   | 1 2 3 4 5 6 7 8 9 10 11 12 13 14 | 14.5
Fighting       | 2 3 4 5 6 7 9 10 11 12 14 15 16 17 18 | 18.3
Dodging        | 3 4 5 7 9 11 13 14 15 | 15.9
Staves         | 5 8 10 12 14 | 14.0
Invocations    | 4 7 9 10 11 | 11.4
Unarmed Combat | |  3.0
Shapeshifting  | |  2.6

Action                     |  1- 3 |  4- 6 |  7- 9 | 10-12 | 13-15 | 16-18 | 19-21 || total
---------------------------+-------+-------+-------+-------+-------+-------+-------++-------
  Melee: Unarmed           |    14 |       |     1 |       |       |       |       ||    15
         Dagger            |    90 |   106 |   425 |       |       |       |       ||   621
         Punch             |     3 |     2 |    19 |       |       |       |       ||    24
         Staff             |       |       |    41 |       |       |     3 |       ||    44
         Lajatang          |       |       |     6 |   476 |  1068 |   795 |   601 ||  2946
   Cast: Freeze            |    17 |    68 |   287 |     4 |       |       |       ||   376
         Lesser Beckoning  |       |     1 |       |     2 |       |       |       ||     3
         Confusing Touch   |       |       |     1 |       |       |       |       ||     1
         Manifold Assault  |       |       |       |   214 |   556 |   533 |   325 ||  1628
         Irradiate         |       |       |       |       |    18 |     9 |     5 ||    32
         Portal Projectile |       |       |       |       |     1 |       |       ||     1
         Eringya's Noxious |       |       |       |       |     8 |     5 |       ||    13
         Ozocubu's Refrige |       |       |       |       |       |    25 |       ||    25
 Invoke: Bend Time         |       |       |       |     1 |       |       |       ||     1
         Slouch            |       |       |       |       |       |     3 |       ||     3
         Step From Time    |       |       |       |       |       |       |     1 ||     1
Ability: Begin Untransform |       |     1 |       |       |       |       |       ||     1
  Evoke: Wand              |       |       |     3 |     1 |       |       |       ||     4
    Use: Scroll            |     1 |     2 |     4 |    16 |    13 |     7 |     2 ||    45
         Potion            |       |     7 |     1 |     1 |     4 |       |     2 ||    15
   Stab: Sleeping          |     2 |       |     2 |     2 |     2 |       |       ||     8
         Invisible         |       |     5 |     5 |       |       |       |       ||    10
         Confused          |       |       |     2 |       |       |       |       ||     2
 Armour: Animal skin       |    15 |       |       |       |       |       |       ||    15
         Leather armour    |     4 |    42 |   316 |    59 |    62 |       |       ||   483
         Skin              |       |    36 |       |       |       |       |       ||    36
         Troll leather arm |       |       |       |       |     6 |    29 |    35 ||    70
  Dodge: Dodged            |    75 |    52 |   549 |   182 |   272 |   184 |   252 ||  1566

Table legend: (Time is in decaauts)
 A = Elapsed time spent in this place.
 B = Non-inter-level travel time spent in this place.
 C = Inter-level travel time spent in this place.
 D = Time resting spent in this place.
 E = Time spent auto-exploring this place.
 F = Levels seen in this place.
 G = Mean time per level.
                   A        B        C        D        E       F      G
               +--------+--------+--------+--------+--------+-----+--------+
         Total |  44824 |  40553 |   4271 |    253 |  33674 |  36 | 1245.1 |
       Dungeon |  18523 |  16195 |   2328 |    151 |  13267 |  15 | 1234.9 |
        Temple |      2 |      1 |      1 |      0 |      1 |   1 |    2.0 |
          Lair |   9125 |   7942 |   1183 |     10 |   6905 |   5 | 1825.0 |
        Shoals |   5013 |   4748 |    265 |     92 |   3942 |   4 | 1253.2 |
     Snake Pit |   7498 |   7175 |    323 |      0 |   6339 |   4 | 1874.5 |
  Orcish Mines |   2702 |   2534 |    168 |      0 |   1961 |   2 | 1351.0 |
   Elven Halls |    112 |    112 |      0 |      0 |     90 |   1 |  112.0 |
         Abyss |    863 |    863 |      0 |      0 |    671 |   1 |  863.0 |
         Sewer |    272 |    272 |      0 |      0 |    140 |   1 |  272.0 |
       Ossuary |    228 |    228 |      0 |      0 |     69 |   1 |  228.0 |
       Volcano |    481 |    481 |      0 |      0 |    288 |   1 |  481.0 |
               +--------+--------+--------+--------+--------+-----+--------+

Top non-repeatable levels by time:
 Snake:4: 2638 daAuts
  Lair:5: 2614 daAuts
    D:11: 2434 daAuts
 Snake:1: 2263 daAuts
    D:14: 2164 daAuts
   Orc:2: 2138 daAuts
     D:9: 2049 daAuts
  Lair:4: 1792 daAuts
  Lair:3: 1660 daAuts
    D:13: 1577 daAuts
  Lair:1: 1553 daAuts
    D:15: 1528 daAuts
  Lair:2: 1504 daAuts
 Snake:3: 1431 daAuts
    D:10: 1402 daAuts
